Workbook

Sheet DAILY SALES LOG
A1: Date | B1: Day | C1: Product | D1: Category | E1: Qty Sold | F1: Unit Price (₵) | G1: Total (₵) | H1: Payment Method | I1: Notes | J1: Row Tag
A2: 46174 | B2: Mon | C2: Accra Sunset Print | D2: Gallery Art | E2: 1 | F2: =IFERROR(VLOOKUP(C2,INVENTORY!$B:$E,4,FALSE),0) | G2: =E2*F2 | H2: Cash | J2: SAMPLE
A3: 46174 | B3: Mon | C3: Giclee Print | D3: Gallery Art | E3: 2 | F3: =IFERROR(VLOOKUP(C3,INVENTORY!$B:$E,4,FALSE),0) | G3: =E3*F3 | H3: Mobile Money | J3: SAMPLE
A4: 46174 | B4: Mon | C4: Lagos Collage Original | D4: Gallery Art | E4: 3 | F4: =IFERROR(VLOOKUP(C4,INVENTORY!$B:$E,4,FALSE),0) | G4: =E4*F4 | H4: Card | J4: SAMPLE
A5: 46175 | B5: Tue | C5: Studio Study | D5: Gallery Art | E5: 3 | F5: =IFERROR(VLOOKUP(C5,INVENTORY!$B:$E,4,FALSE),0) | G5: =E5*F5 | H5: Card | J5: SAMPLE
A6: 46175 | B6: Tue | C6: Ankara Maxi | D6: Fashion | E6: 1 | F6: =IFERROR(VLOOKUP(C6,INVENTORY!$B:$E,4,FALSE),0) | G6: =E6*F6 | H6: Cash | J6: SAMPLE
A7: 46175 | B7: Tue | C7: Pleated Ankara Skirt | D7: Fashion | E7: 2 | F7: =IFERROR(VLOOKUP(C7,INVENTORY!$B:$E,4,FALSE),0) | G7: =E7*F7 | H7: Transfer | J7: SAMPLE
A8: 46175 | B8: Tue | C8: Wired Wrap | D8: Fashion | E8: 3 | F8: =IFERROR(VLOOKUP(C8,INVENTORY!$B:$E,4,FALSE),0) | G8: =E8*F8 | H8: Cash | J8: SAMPLE
A9: 46176 | B9: Wed | C9: Pencil Skirt | D9: Fashion | E9: 2 | F9: =IFERROR(VLOOKUP(C9,INVENTORY!$B:$E,4,FALSE),0) | G9: =E9*F9 | H9: Transfer | J9: SAMPLE
A10: 46176 | B10: Wed | C10: Kente Shawl | D10: Fashion | E10: 3 | F10: =IFERROR(VLOOKUP(C10,INVENTORY!$B:$E,4,FALSE),0) | G10: =E10*F10 | H10: Cash | J10: SAMPLE
A11: 46176 | B11: Wed | C11: Handmade Journal | D11: Gifts | E11: 1 | F11: =IFERROR(VLOOKUP(C11,INVENTORY!$B:$E,4,FALSE),0) | G11: =E11*F11 | H11: Mobile Money | J11: SAMPLE
A12: 46176 | B12: Wed | C12: Mini Tote | D12: Gifts | E12: 2 | F12: =IFERROR(VLOOKUP(C12,INVENTORY!$B:$E,4,FALSE),0) | G12: =E12*F12 | H12: Card | J12: SAMPLE
A13: 46176 | B13: Wed | C13: Custom Portrait (M) | D13: Custom Orders | E13: 3 | F13: =IFERROR(VLOOKUP(C13,INVENTORY!$B:$E,4,FALSE),0) | G13: =E13*F13 | H13: Cash | J13: SAMPLE
... A15: 46177 | B15: Thu | C15: Beeswax Candle Set | D15: Gifts | E15: 2 | F15: =IFERROR(VLOOKUP(C15,INVENTORY!$B:$E,4,FALSE),0) | G15: =E15*F15 | H15: Card | J15: SAMPLE
A16: 46177 | B16: Thu | C16: Custom Portrait (L) | D16: Custom Orders | E16: 3 | F16: =IFERROR(VLOOKUP(C16,INVENTORY!$B:$E,4,FALSE),0) | G16: =E16*F16 | H16: Cash | I16: Gallery opening weekend | J16: SAMPLE
A17: 46178 | B17: Fri | C17: Wedding Gift Box | D17: Custom Orders | E17: 3 | F17: =IFERROR(VLOOKUP(C17,INVENTORY!$B:$E,4,FALSE),0) | G17: =E17*F17 | H17: Cash | J17: SAMPLE
A18: 46178 | B18: Fri | C18: Kente Harmony Print | D18: Gallery Art | E18: 1 | F18: =IFERROR(VLOOKUP(C18,INVENTORY!$B:$E,4,FALSE),0) | G18: =E18*F18 | H18: Transfer | J18: SAMPLE
A19: 46178 | B19: Fri | C19: Osu Castle Print | D19: Gallery Art | E19: 2 | F19: =IFERROR(VLOOKUP(C19,INVENTORY!$B:$E,4,FALSE),0) | G19: =E19*F19 | H19: Cash | J19: SAMPLE
A20: 46178 | B20: Fri | C20: Studio Study | D20: Gallery Art | E20: 3 | F20: =IFERROR(VLOOKUP(C20,INVENTORY!$B:$E,4,FALSE),0) | G20: =E20*F20 | H20: Mobile Money | J20: SAMPLE
A21: 46178 | B21: Fri | C21: Ankara Maxi | D21: Fashion | E21: 1 | F21: =IFERROR(VLOOKUP(C21,INVENTORY!$B:$E,4,FALSE),0) | G21: =E21*F21 | H21: Card | J21: SAMPLE
A22: 46178 | B22: Fri | C22: Pleated Ankara Skirt | D22: Fashion | E22: 2 | F22: =IFERROR(VLOOKUP(C22,INVENTORY!$B:$E,4,FALSE),0) | G22: =E22*F22 | H22: Cash | I22: Wedding gift box x2 | J22: SAMPLE
A23: 46179 | B23: Sat | C23: Original Mixed Media | D23: Gallery Art | E23: 2 | F23: =IFERROR(VLOOKUP(C23,INVENTORY!$B:$E,4,FALSE),0) | G23: =E23*F23 | H23: Cash | J23: SAMPLE
A24: 46179 | B24: Sat | C24: Kente Wrap Dress | D24: Fashion | E24: 3 | F24: =IFERROR(VLOOKUP(C24,INVENTORY!$B:$E,4,FALSE),0) | G24: =E24*F24 | H24: Mobile Money | J24: SAMPLE
A25: 46179 | B25: Sat | C25: Hand-stitched Blouse | D25: Fashion | E25: 1 | F25: =IFERROR(VLOOKUP(C25,INVENTORY!$B:$E,4,FALSE),0) | G25: =E25*F25 | H25: Card | J25: SAMPLE
A26: 46179 | B26: Sat | C26: Pencil Skirt | D26: Fashion | E26: 2 | F26: =IFERROR(VLOOKUP(C26,INVENTORY!$B:$E,4,FALSE),0) | G26: =E26*F26 | H26: Cash | J26: SAMPLE
A27: 46180 | B27: Sun | C27: Crop Top | D27: Fashion | E27: 1 | F27: =IFERROR(VLOOKUP(C27,INVENTORY!$B:$E,4,FALSE),0) | G27: =E27*F27 | H27: Card | J27: SAMPLE
A28: 46180 | B28: Sun | C28: Beaded Headband | D28: Fashion | E28: 2 | F28: =IFERROR(VLOOKUP(C28,INVENTORY!$B:$E,4,FALSE),0) | G28: =E28*F28 | H28: Cash | J28: SAMPLE
A29: 46180 | B29: Sun | C29: Adinkra Symbol Mug | D29: Gifts | E29: 3 | F29: =IFERROR(VLOOKUP(C29,INVENTORY!$B:$E,4,FALSE),0) | G29: =E29*F29 | H29: Transfer | J29: SAMPLE
A30: 46180 | B30: Sun | C30: Travel Journal | D30: Gifts | E30: 1 | F30: =IFERROR(VLOOKUP(C30,INVENTORY!$B:$E,4,FALSE),0) | G30: =E30*F30 | H30: Cash | J30: SAMPLE
A31: 46181 | B31: Mon | C31: Map Mug | D31: Gifts | E31: 3 | F31: =IFERROR(VLOOKUP(C31,INVENTORY!$B:$E,4,FALSE),0) | G31: =E31*F31 | H31: Transfer | J31: SAMPLE
A32: 46181 | B32: Mon | C32: Bolga Straw Tote | D32: Gifts | E32: 1 | F32: =IFERROR(VLOOKUP(C32,INVENTORY!$B:$E,4,FALSE),0) | G32: =E32*F32 | H32: Cash | J32: SAMPLE
A33: 46181 | B33: Mon | C33: Lavender Tin | D33: Gifts | E33: 2 | F33: =IFERROR(VLOOKUP(C33,INVENTORY!$B:$E,4,FALSE),0) | G33: =E33*F33 | H33: Mobile Money | J33: SAMPLE
A34: 46181 | B34: Mon | C34: Wedding Gift Box | D34: Custom Orders | E34: 3 | F34: =IFERROR(VLOOKUP(C34,INVENTORY!$B:$E,4,FALSE),0) | G34: =E34*F34 | H34: Card | J34: SAMPLE
... A38: 46182 | B38: Tue | C38: Original Mixed Media | D38: Gallery Art | E38: 2 | F38: =IFERROR(VLOOKUP(C38,INVENTORY!$B:$E,4,FALSE),0) | G38: =E38*F38 | H38: Transfer | J38: SAMPLE
A39: 46182 | B39: Tue | C39: Kente Wrap Dress | D39: Fashion | E39: 3 | F39: =IFERROR(VLOOKUP(C39,INVENTORY!$B:$E,4,FALSE),0) | G39: =E39*F39 | H39: Cash | I39: Tour group visit | J39: SAMPLE
A40: 46183 | B40: Wed | C40: Giclee Print | D40: Gallery Art | E40: 1 | F40: =IFERROR(VLOOKUP(C40,INVENTORY!$B:$E,4,FALSE),0) | G40: =E40*F40 | H40: Cash | J40: SAMPLE
A41: 46183 | B41: Wed | C41: Lagos Collage Original | D41: Gallery Art | E41: 2 | F41: =IFERROR(VLOOKUP(C41,INVENTORY!$B:$E,4,FALSE),0) | G41: =E41*F41 | H41: Transfer | J41: SAMPLE
A42: 46183 | B42: Wed | C42: Linen Day Dress | D42: Fashion | E42: 3 | F42: =IFERROR(VLOOKUP(C42,INVENTORY!$B:$E,4,FALSE),0) | G42: =E42*F42 | H42: Cash | J42: SAMPLE
A43: 46183 | B43: Wed | C43: Crop Top | D43: Fashion | E43: 1 | F43: =IFERROR(VLOOKUP(C43,INVENTORY!$B:$E,4,FALSE),0) | G43: =E43*F43 | H43: Mobile Money | J43: SAMPLE
A44: 46183 | B44: Wed | C44: Beaded Headband | D44: Fashion | E44: 2 | F44: =IFERROR(VLOOKUP(C44,INVENTORY!$B:$E,4,FALSE),0) | G44: =E44*F44 | H44: Card | J44: SAMPLE
A45: 46184 | B45: Thu | C45: Ankara Maxi | D45: Fashion | E45: 3 | F45: =IFERROR(VLOOKUP(C45,INVENTORY!$B:$E,4,FALSE),0) | G45: =E45*F45 | H45: Cash | J45: SAMPLE
A46: 46184 | B46: Thu | C46: Pleated Ankara Skirt | D46: Fashion | E46: 1 | F46: =IFERROR(VLOOKUP(C46,INVENTORY!$B:$E,4,FALSE),0) | G46: =E46*F46 | H46: Mobile Money | J46: SAMPLE
A47: 46184 | B47: Thu | C47: Wired Wrap | D47: Fashion | E47: 2 | F47: =IFERROR(VLOOKUP(C47,INVENTORY!$B:$E,4,FALSE),0) | G47: =E47*F47 | H47: Card | J47: SAMPLE
A48: 46184 | B48: Thu | C48: Map Mug | D48: Gifts | E48: 3 | F48: =IFERROR(VLOOKUP(C48,INVENTORY!$B:$E,4,FALSE),0) | G48: =E48*F48 | H48: Cash | J48: SAMPLE
A49: 46184 | B49: Thu | C49: Bolga Straw Tote | D49: Gifts | E49: 1 | F49: =IFERROR(VLOOKUP(C49,INVENTORY!$B:$E,4,FALSE),0) | G49: =E49*F49 | H49: Transfer | I49: New kente print drop | J49: SAMPLE
A50: 46185 | B50: Fri | C50: Kente Shawl | D50: Fashion | E50: 2 | F50: =IFERROR(VLOOKUP(C50,INVENTORY!$B:$E,4,FALSE),0) | G50: =E50*F50 | H50: Card | J50: SAMPLE
A51: 46185 | B51: Fri | C51: Handmade Journal | D51: Gifts | E51: 3 | F51: =IFERROR(VLOOKUP(C51,INVENTORY!$B:$E,4,FALSE),0) | G51: =E51*F51 | H51: Cash | J51: SAMPLE
A52: 46185 | B52: Fri | C52: Mini Tote | D52: Gifts | E52: 1 | F52: =IFERROR(VLOOKUP(C52,INVENTORY!$B:$E,4,FALSE),0) | G52: =E52*F52 | H52: Transfer | J52: SAMPLE
A53: 46185 | B53: Fri | C53: Custom Portrait (M) | D53: Custom Orders | E53: 2 | F53: =IFERROR(VLOOKUP(C53,INVENTORY!$B:$E,4,FALSE),0) | G53: =E53*F53 | H53: Cash | J53: SAMPLE
A54: 46185 | B54: Fri | C54: Wedding Hamper | D54: Custom Orders | E54: 3 | F54: =IFERROR(VLOOKUP(C54,INVENTORY!$B:$E,4,FALSE),0) | G54: =E54*F54 | H54: Mobile Money | J54: SAMPLE
A55: 46185 | B55: Fri | C55: Labadi Beach Print | D55: Gallery Art | E55: 1 | F55: =IFERROR(VLOOKUP(C55,INVENTORY!$B:$E,4,FALSE),0) | G55: =E55*F55 | H55: Card | I55: Out-of-town wedding | J55: SAMPLE
A56: 46186 | B56: Sat | C56: Beeswax Candle Set | D56: Gifts | E56: 1 | F56: =IFERROR(VLOOKUP(C56,INVENTORY!$B:$E,4,FALSE),0) | G56: =E56*F56 | H56: Transfer | J56: SAMPLE
A57: 46186 | B57: Sat | C57: Custom Portrait (L) | D57: Custom Orders | E57: 2 | F57: =IFERROR(VLOOKUP(C57,INVENTORY!$B:$E,4,FALSE),0) | G57: =E57*F57 | H57: Cash | J57: SAMPLE
A58: 46186 | B58: Sat | C58: Accra Sunset Print | D58: Gallery Art | E58: 3 | F58: =IFERROR(VLOOKUP(C58,INVENTORY!$B:$E,4,FALSE),0) | G58: =E58*F58 | H58: Mobile Money | J58: SAMPLE
A59: 46186 | B59: Sat | C59: Giclee Print | D59: Gallery Art | E59: 1 | F59: =IFERROR(VLOOKUP(C59,INVENTORY!$B:$E,4,FALSE),0) | G59: =E59*F59 | H59: Card | J59: SAMPLE
A60: 46187 | B60: Sun | C60: Kente Harmony Print | D60: Gallery Art | E60: 3 | F60: =IFERROR(VLOOKUP(C60,INVENTORY!$B:$E,4,FALSE),0) | G60: =E60*F60 | H60: Mobile Money | J60: SAMPLE
A61: 46187 | B61: Sun | C61: Osu Castle Print | D61: Gallery Art | E61: 1 | F61: =IFERROR(VLOOKUP(C61,INVENTORY!$B:$E,4,FALSE),0) | G61: =E61*F61 | H61: Card | J61: SAMPLE
A62: 46187 | B62: Sun | C62: Studio Study | D62: Gallery Art | E62: 2 | F62: =IFERROR(VLOOKUP(C62,INVENTORY!$B:$E,4,FALSE),0) | G62: =E62*F62 | H62: Cash | J62: SAMPLE
A63: 46187 | B63: Sun | C63: Ankara Maxi | D63: Fashion | E63: 3 | F63: =IFERROR(VLOOKUP(C63,INVENTORY!$B:$E,4,FALSE),0) | G63: =E63*F63 | H63: Transfer | J63: SAMPLE
A64: 46188 | B64: Mon | C64: Kente Wrap Dress | D64: Fashion | E64: 2 | F64: =IFERROR(VLOOKUP(C64,INVENTORY!$B:$E,4,FALSE),0) | G64: =E64*F64 | H64: Cash | J64: SAMPLE
A65: 46188 | B65: Mon | C65: Hand-stitched Blouse | D65: Fashion | E65: 3 | F65: =IFERROR(VLOOKUP(C65,INVENTORY!$B:$E,4,FALSE),0) | G65: =E65*F65 | H65: Transfer | J65: SAMPLE
A66: 46188 | B66: Mon | C66: Pencil Skirt | D66: Fashion | E66: 1 | F66: =IFERROR(VLOOKUP(C66,INVENTORY!$B:$E,4,FALSE),0) | G66: =E66*F66 | H66: Cash | J66: SAMPLE
A67: 46188 | B67: Mon | C67: Kente Shawl | D67: Fashion | E67: 2 | F67: =IFERROR(VLOOKUP(C67,INVENTORY!$B:$E,4,FALSE),0) | G67: =E67*F67 | H67: Mobile Money | J67: SAMPLE
A68: 46188 | B68: Mon | C68: Handmade Journal | D68: Gifts | E68: 3 | F68: =IFERROR(VLOOKUP(C68,INVENTORY!$B:$E,4,FALSE),0) | G68: =E68*F68 | H68: Card | I68: Wedding season ramp | J68: SAMPLE
A69: 46189 | B69: Tue | C69: Beaded Headband | D69: Fashion | E69: 1 | F69: =IFERROR(VLOOKUP(C69,INVENTORY!$B:$E,4,FALSE),0) | G69: =E69*F69 | H69: Cash | J69: SAMPLE
A70: 46189 | B70: Tue | C70: Adinkra Symbol Mug | D70: Gifts | E70: 2 | F70: =IFERROR(VLOOKUP(C70,INVENTORY!$B:$E,4,FALSE),0) | G70: =E70*F70 | H70: Mobile Money | J70: SAMPLE
A71: 46189 | B71: Tue | C71: Travel Journal | D71: Gifts | E71: 3 | F71: =IFERROR(VLOOKUP(C71,INVENTORY!$B:$E,4,FALSE),0) | G71: =E71*F71 | H71: Card | J71: SAMPLE
A72: 46189 | B72: Tue | C72: Beeswax Candle Set | D72: Gifts | E72: 1 | F72: =IFERROR(VLOOKUP(C72,INVENTORY!$B:$E,4,FALSE),0) | G72: =E72*F72 | H72: Cash | J72: SAMPLE
A73: 46189 | B73: Tue | C73: Custom Portrait (L) | D73: Custom Orders | E73: 2 | F73: =IFERROR(VLOOKUP(C73,INVENTORY!$B:$E,4,FALSE),0) | G73: =E73*F73 | H73: Transfer | J73: SAMPLE
A74: 46189 | B74: Tue | C74: Accra Sunset Print | D74: Gallery Art | E74: 3 | F74: =IFERROR(VLOOKUP(C74,INVENTORY!$B:$E,4,FALSE),0) | G74: =E74*F74 | H74: Cash | J74: SAMPLE
A75: 46190 | B75: Wed | C75: Bolga Straw Tote | D75: Gifts | E75: 3 | F75: =IFERROR(VLOOKUP(C75,INVENTORY!$B:$E,4,FALSE),0) | G75: =E75*F75 | H75: Card | J75: SAMPLE
A76: 46190 | B76: Wed | C76: Lavender Tin | D76: Gifts | E76: 1 | F76: =IFERROR(VLOOKUP(C76,INVENTORY!$B:$E,4,FALSE),0) | G76: =E76*F76 | H76: Cash | J76: SAMPLE
A77: 46190 | B77: Wed | C77: Wedding Gift Box | D77: Custom Orders | E77: 2 | F77: =IFERROR(VLOOKUP(C77,INVENTORY!$B:$E,4,FALSE),0) | G77: =E77*F77 | H77: Transfer | J77: SAMPLE
A78: 46190 | B78: Wed | C78: Kente Harmony Print | D78: Gallery Art | E78: 3 | F78: =IFERROR(VLOOKUP(C78,INVENTORY!$B:$E,4,FALSE),0) | G78: =E78*F78 | H78: Cash | J78: SAMPLE
A79: 46190 | B79: Wed | C79: Osu Castle Print | D79: Gallery Art | E79: 1 | F79: =IFERROR(VLOOKUP(C79,INVENTORY!$B:$E,4,FALSE),0) | G79: =E79*F79 | H79: Mobile Money | J79: SAMPLE
A80: 46190 | B80: Wed | C80: Studio Study | D80: Gallery Art | E80: 2 | F80: =IFERROR(VLOOKUP(C80,INVENTORY!$B:$E,4,FALSE),0) | G80: =E80*F80 | H80: Card | I80: Buyer from Kumasi | J80: SAMPLE
A81: 46191 | B81: Thu | C81: Wedding Hamper | D81: Custom Orders | E81: 2 | F81: =IFERROR(VLOOKUP(C81,INVENTORY!$B:$E,4,FALSE),0) | G81: =E81*F81 | H81: Transfer | J81: SAMPLE
A82: 46191 | B82: Thu | C82: Labadi Beach Print | D82: Gallery Art | E82: 3 | F82: =IFERROR(VLOOKUP(C82,INVENTORY!$B:$E,4,FALSE),0) | G82: =E82*F82 | H82: Cash | J82: SAMPLE
A83: 46191 | B83: Thu | C83: Original Mixed Media | D83: Gallery Art | E83: 1 | F83: =IFERROR(VLOOKUP(C83,INVENTORY!$B:$E,4,FALSE),0) | G83: =E83*F83 | H83: Mobile Money | J83: SAMPLE
A84: 46191 | B84: Thu | C84: Kente Wrap Dress | D84: Fashion | E84: 2 | F84: =IFERROR(VLOOKUP(C84,INVENTORY!$B:$E,4,FALSE),0) | G84: =E84*F84 | H84: Card | J84: SAMPLE
A85: 46191 | B85: Thu | C85: Hand-stitched Blouse | D85: Fashion | E85: 3 | F85: =IFERROR(VLOOKUP(C85,INVENTORY!$B:$E,4,FALSE),0) | G85: =E85*F85 | H85: Cash | J85: SAMPLE
A86: 46191 | B86: Thu | C86: Pencil Skirt | D86: Fashion | E86: 1 | F86: =IFERROR(VLOOKUP(C86,INVENTORY!$B:$E,4,FALSE),0) | G86: =E86*F86 | H86: Transfer | J86: SAMPLE
A87: 46192 | B87: Fri | C87: Lagos Collage Original | D87: Gallery Art | E87: 1 | F87: =IFERROR(VLOOKUP(C87,INVENTORY!$B:$E,4,FALSE),0) | G87: =E87*F87 | H87: Mobile Money | J87: SAMPLE
A88: 46192 | B88: Fri | C88: Linen Day Dress | D88: Fashion | E88: 2 | F88: =IFERROR(VLOOKUP(C88,INVENTORY!$B:$E,4,FALSE),0) | G88: =E88*F88 | H88: Card | J88: SAMPLE
A89: 46192 | B89: Fri | C89: Crop Top | D89: Fashion | E89: 3 | F89: =IFERROR(VLOOKUP(C89,INVENTORY!$B:$E,4,FALSE),0) | G89: =E89*F89 | H89: Cash | J89: SAMPLE
A90: 46192 | B90: Fri | C90: Beaded Headband | D90: Fashion | E90: 1 | F90: =IFERROR(VLOOKUP(C90,INVENTORY!$B:$E,4,FALSE),0) | G90: =E90*F90 | H90: Transfer | J90: SAMPLE
A91: 46192 | B91: Fri | C91: Adinkra Symbol Mug | D91: Gifts | E91: 2 | F91: =IFERROR(VLOOKUP(C91,INVENTORY!$B:$E,4,FALSE),0) | G91: =E91*F91 | H91: Cash | J91: SAMPLE
A92: 46192 | B92: Fri | C92: Travel Journal | D92: Gifts | E92: 3 | F92: =IFERROR(VLOOKUP(C92,INVENTORY!$B:$E,4,FALSE),0) | G92: =E92*F92 | H92: Mobile Money | I92: Corporate order | J92: SAMPLE
A93: 46193 | B93: Sat | C93: Pleated Ankara Skirt | D93: Fashion | E93: 3 | F93: =IFERROR(VLOOKUP(C93,INVENTORY!$B:$E,4,FALSE),0) | G93: =E93*F93 | H93: Cash | J93: SAMPLE
A94: 46193 | B94: Sat | C94: Wired Wrap | D94: Fashion | E94: 1 | F94: =IFERROR(VLOOKUP(C94,INVENTORY!$B:$E,4,FALSE),0) | G94: =E94*F94 | H94: Transfer | J94: SAMPLE
A95: 46193 | B95: Sat | C95: Map Mug | D95: Gifts | E95: 2 | F95: =IFERROR(VLOOKUP(C95,INVENTORY!$B:$E,4,FALSE),0) | G95: =E95*F95 | H95: Cash | J95: SAMPLE
A96: 46193 | B96: Sat | C96: Bolga Straw Tote | D96: Gifts | E96: 3 | F96: =IFERROR(VLOOKUP(C96,INVENTORY!$B:$E,4,FALSE),0) | G96: =E96*F96 | H96: Mobile Money | J96: SAMPLE
A97: 46194 | B97: Sun | C97: Handmade Journal | D97: Gifts | E97: 2 | F97: =IFERROR(VLOOKUP(C97,INVENTORY!$B:$E,4,FALSE),0) | G97: =E97*F97 | H97: Cash | J97: SAMPLE
A98: 46194 | B98: Sun | C98: Mini Tote | D98: Gifts | E98: 3 | F98: =IFERROR(VLOOKUP(C98,INVENTORY!$B:$E,4,FALSE),0) | G98: =E98*F98 | H98: Mobile Money | J98: SAMPLE
A99: 46194 | B99: Sun | C99: Custom Portrait (M) | D99: Custom Orders | E99: 1 | F99: =IFERROR(VLOOKUP(C99,INVENTORY!$B:$E,4,FALSE),0) | G99: =E99*F99 | H99: Card | J99: SAMPLE
A100: 46194 | B100: Sun | C100: Wedding Hamper | D100: Custom Orders | E100: 2 | F100: =IFERROR(VLOOKUP(C100,INVENTORY!$B:$E,4,FALSE),0) | G100: =E100*F100 | H100: Cash | J100: SAMPLE
A101: 46195 | B101: Mon | C101: Custom Portrait (L) | D101: Custom Orders | E101: 1 | F101: =IFERROR(VLOOKUP(C101,INVENTORY!$B:$E,4,FALSE),0) | G101: =E101*F101 | H101: Card | J101: SAMPLE
A102: 46195 | B102: Mon | C102: Accra Sunset Print | D102: Gallery Art | E102: 2 | F102: =IFERROR(VLOOKUP(C102,INVENTORY!$B:$E,4,FALSE),0) | G102: =E102*F102 | H102: Cash | J102: SAMPLE
A103: 46195 | B103: Mon | C103: Giclee Print | D103: Gallery Art | E103: 3 | F103: =IFERROR(VLOOKUP(C103,INVENTORY!$B:$E,4,FALSE),0) | G103: =E103*F103 | H103: Transfer | J103: SAMPLE
A104: 46195 | B104: Mon | C104: Lagos Collage Original | D104: Gallery Art | E104: 1 | F104: =IFERROR(VLOOKUP(C104,INVENTORY!$B:$E,4,FALSE),0) | G104: =E104*F104 | H104: Cash | J104: SAMPLE
...

Sheet __prices
A1: Category | B1: Avg Sell Price
A2: Gallery Art | B2: 750
A3: Fashion | B3: 319
A4: Gifts | B4: 130
A5: Custom Orders | B5: 1125

Sheet WEEKLY SUMMARY
A1: Week Start | B1: Week End | C1: Total Revenue | D1: Gallery Art | E1: Fashion | F1: Gifts | G1: Custom Orders | H1: WoW % | I1: Top Category | J1: Cash Rev | K1: MoMo Rev
A2: 46174 | B2: 46180 | C2: =SUMIFS('DAILY SALES LOG'!$G$2:$G$500,'DAILY SALES LOG'!$A$2:$A$500,">="&A2,'DAILY SALES LOG'!$A$2:$A$500,"<="&B2) | D2: =SUMPRODUCT(('DAILY SALES LOG'!$A$2:$A$500>=A2)*('DAILY SALES LOG'!$A$2:$A$500<=B2)*('DAILY SALES LOG'!$D$2:$D$500="Gallery Art")*'DAILY SALES LOG'!$G$2:$G$500) | E2: =SUMPRODUCT(('DAILY SALES LOG'!$A$2:$A$500>=A2)*('DAILY SALES LOG'!$A$2:$A$500<=B2)*('DAILY SALES LOG'!$D$2:$D$500="Fashion")*'DAILY SALES LOG'!$G$2:$G$500) | F2: =SUMPRODUCT(('DAILY SALES LOG'!$A$2:$A$500>=A2)*('DAILY SALES LOG'!$A$2:$A$500<=B2)*('DAILY SALES LOG'!$D$2:$D$500="Gifts")*'DAILY SALES LOG'!$G$2:$G$500) | G2: =SUMPRODUCT(('DAILY SALES LOG'!$A$2:$A$500>=A2)*('DAILY SALES LOG'!$A$2:$A$500<=B2)*('DAILY SALES LOG'!$D$2:$D$500="Custom Orders")*'DAILY SALES LOG'!$G$2:$G$500) | H2: {"formula":0} | I2: =IFERROR(INDEX($E$1:$H$1,MATCH(MAX(E2:H2),E2:H2,0)),"") | J2: =SUMIFS('DAILY SALES LOG'!$G$2:$G$500,'DAILY SALES LOG'!$A$2:$A$500,">="&A2,'DAILY SALES LOG'!$A$2:$A$500,"<="&B2,'DAILY SALES LOG'!$H$2:$H$500,"Cash") | K2: =SUMIFS('DAILY SALES LOG'!$G$2:$G$500,'DAILY SALES LOG'!$A$2:$A$500,">="&A2,'DAILY SALES LOG'!$A$2:$A$500,"<="&B2,'DAILY SALES LOG'!$H$2:$H$500,"Mobile Money")
A3: 46181 | B3: 46187 | C3: =SUMIFS('DAILY SALES LOG'!$G$2:$G$500,'DAILY SALES LOG'!$A$2:$A$500,">="&A3,'DAILY SALES LOG'!$A$2:$A$500,"<="&B3) | D3: =SUMPRODUCT(('DAILY SALES LOG'!$A$2:$A$500>=A3)*('DAILY SALES LOG'!$A$2:$A$500<=B3)*('DAILY SALES LOG'!$D$2:$D$500="Gallery Art")*'DAILY SALES LOG'!$G$2:$G$500) | E3: =SUMPRODUCT(('DAILY SALES LOG'!$A$2:$A$500>=A3)*('DAILY SALES LOG'!$A$2:$A$500<=B3)*('DAILY SALES LOG'!$D$2:$D$500="Fashion")*'DAILY SALES LOG'!$G$2:$G$500) | F3: =SUMPRODUCT(('DAILY SALES LOG'!$A$2:$A$500>=A3)*('DAILY SALES LOG'!$A$2:$A$500<=B3)*('DAILY SALES LOG'!$D$2:$D$500="Gifts")*'DAILY SALES LOG'!$G$2:$G$500) | G3: =SUMPRODUCT(('DAILY SALES LOG'!$A$2:$A$500>=A3)*('DAILY SALES LOG'!$A$2:$A$500<=B3)*('DAILY SALES LOG'!$D$2:$D$500="Custom Orders")*'DAILY SALES LOG'!$G$2:$G$500) | H3: =IFERROR((C3-C2)/C2,0) | I3: =IFERROR(INDEX($E$1:$H$1,MATCH(MAX(E3:H3),E3:H3,0)),"") | J3: =SUMIFS('DAILY SALES LOG'!$G$2:$G$500,'DAILY SALES LOG'!$A$2:$A$500,">="&A3,'DAILY SALES LOG'!$A$2:$A$500,"<="&B3,'DAILY SALES LOG'!$H$2:$H$500,"Cash") | K3: =SUMIFS('DAILY SALES LOG'!$G$2:$G$500,'DAILY SALES LOG'!$A$2:$A$500,">="&A3,'DAILY SALES LOG'!$A$2:$A$500,"<="&B3,'DAILY SALES LOG'!$H$2:$H$500,"Mobile Money")
A4: 46188 | B4: 46194 | C4: =SUMIFS('DAILY SALES LOG'!$G$2:$G$500,'DAILY SALES LOG'!$A$2:$A$500,">="&A4,'DAILY SALES LOG'!$A$2:$A$500,"<="&B4) | D4: =SUMPRODUCT(('DAILY SALES LOG'!$A$2:$A$500>=A4)*('DAILY SALES LOG'!$A$2:$A$500<=B4)*('DAILY SALES LOG'!$D$2:$D$500="Gallery Art")*'DAILY SALES LOG'!$G$2:$G$500) | E4: =SUMPRODUCT(('DAILY SALES LOG'!$A$2:$A$500>=A4)*('DAILY SALES LOG'!$A$2:$A$500<=B4)*('DAILY SALES LOG'!$D$2:$D$500="Fashion")*'DAILY SALES LOG'!$G$2:$G$500) | F4: =SUMPRODUCT(('DAILY SALES LOG'!$A$2:$A$500>=A4)*('DAILY SALES LOG'!$A$2:$A$500<=B4)*('DAILY SALES LOG'!$D$2:$D$500="Gifts")*'DAILY SALES LOG'!$G$2:$G$500) | G4: =SUMPRODUCT(('DAILY SALES LOG'!$A$2:$A$500>=A4)*('DAILY SALES LOG'!$A$2:$A$500<=B4)*('DAILY SALES LOG'!$D$2:$D$500="Custom Orders")*'DAILY SALES LOG'!$G$2:$G$500) | H4: =IFERROR((C4-C3)/C3,0) | I4: =IFERROR(INDEX($E$1:$H$1,MATCH(MAX(E4:H4),E4:H4,0)),"") | J4: =SUMIFS('DAILY SALES LOG'!$G$2:$G$500,'DAILY SALES LOG'!$A$2:$A$500,">="&A4,'DAILY SALES LOG'!$A$2:$A$500,"<="&B4,'DAILY SALES LOG'!$H$2:$H$500,"Cash") | K4: =SUMIFS('DAILY SALES LOG'!$G$2:$G$500,'DAILY SALES LOG'!$A$2:$A$500,">="&A4,'DAILY SALES LOG'!$A$2:$A$500,"<="&B4,'DAILY SALES LOG'!$H$2:$H$500,"Mobile Money")
A5: 46195 | B5: 46201 | C5: =SUMIFS('DAILY SALES LOG'!$G$2:$G$500,'DAILY SALES LOG'!$A$2:$A$500,">="&A5,'DAILY SALES LOG'!$A$2:$A$500,"<="&B5) | D5: =SUMPRODUCT(('DAILY SALES LOG'!$A$2:$A$500>=A5)*('DAILY SALES LOG'!$A$2:$A$500<=B5)*('DAILY SALES LOG'!$D$2:$D$500="Gallery Art")*'DAILY SALES LOG'!$G$2:$G$500) | E5: =SUMPRODUCT(('DAILY SALES LOG'!$A$2:$A$500>=A5)*('DAILY SALES LOG'!$A$2:$A$500<=B5)*('DAILY SALES LOG'!$D$2:$D$500="Fashion")*'DAILY SALES LOG'!$G$2:$G$500) | F5: =SUMPRODUCT(('DAILY SALES LOG'!$A$2:$A$500>=A5)*('DAILY SALES LOG'!$A$2:$A$500<=B5)*('DAILY SALES LOG'!$D$2:$D$500="Gifts")*'DAILY SALES LOG'!$G$2:$G$500) | G5: =SUMPRODUCT(('DAILY SALES LOG'!$A$2:$A$500>=A5)*('DAILY SALES LOG'!$A$2:$A$500<=B5)*('DAILY SALES LOG'!$D$2:$D$500="Custom Orders")*'DAILY SALES LOG'!$G$2:$G$500) | H5: =IFERROR((C5-C4)/C4,0) | I5: =IFERROR(INDEX($E$1:$H$1,MATCH(MAX(E5:H5),E5:H5,0)),"") | J5: =SUMIFS('DAILY SALES LOG'!$G$2:$G$500,'DAILY SALES LOG'!$A$2:$A$500,">="&A5,'DAILY SALES LOG'!$A$2:$A$500,"<="&B5,'DAILY SALES LOG'!$H$2:$H$500,"Cash") | K5: =SUMIFS('DAILY SALES LOG'!$G$2:$G$500,'DAILY SALES LOG'!$A$2:$A$500,">="&A5,'DAILY SALES LOG'!$A$2:$A$500,"<="&B5,'DAILY SALES LOG'!$H$2:$H$500,"Mobile Money")
A8: TOP 5 PRODUCTS BY REVENUE (Week 3 — Jun 15–21 2026)
A9: Rank | B9: Product | C9: Revenue (₵) | D9: Units Sold | M9: Item | N9: Wk3 Rev | O9: Row#
M10: Accra Sunset Print | N10: =SUMIFS('DAILY SALES LOG'!$G$2:$G$500,'DAILY SALES LOG'!$A$2:$A$500,">="&$A$4,'DAILY SALES LOG'!$A$2:$A$500,"<="&$B$4,'DAILY SALES LOG'!$C$2:$C$500,M10) | O10: 1
M11: Kente Harmony Print | N11: =SUMIFS('DAILY SALES LOG'!$G$2:$G$500,'DAILY SALES LOG'!$A$2:$A$500,">="&$A$4,'DAILY SALES LOG'!$A$2:$A$500,"<="&$B$4,'DAILY SALES LOG'!$C$2:$C$500,M11) | O11: 2
M12: Labadi Beach Print | N12: =SUMIFS('DAILY SALES LOG'!$G$2:$G$500,'DAILY SALES LOG'!$A$2:$A$500,">="&$A$4,'DAILY SALES LOG'!$A$2:$A$500,"<="&$B$4,'DAILY SALES LOG'!$C$2:$C$500,M12) | O12: 3
M13: Giclee Print | N13: =SUMIFS('DAILY SALES LOG'!$G$2:$G$500,'DAILY SALES LOG'!$A$2:$A$500,">="&$A$4,'DAILY SALES LOG'!$A$2:$A$500,"<="&$B$4,'DAILY SALES LOG'!$C$2:$C$500,M13) | O13: 4
M14: Osu Castle Print | N14: =SUMIFS('DAILY SALES LOG'!$G$2:$G$500,'DAILY SALES LOG'!$A$2:$A$500,">="&$A$4,'DAILY SALES LOG'!$A$2:$A$500,"<="&$B$4,'DAILY SALES LOG'!$C$2:$C$500,M14) | O14: 5
M15: Original Mixed Media | N15: =SUMIFS('DAILY SALES LOG'!$G$2:$G$500,'DAILY SALES LOG'!$A$2:$A$500,">="&$A$4,'DAILY SALES LOG'!$A$2:$A$500,"<="&$B$4,'DAILY SALES LOG'!$C$2:$C$500,M15) | O15: 6
M16: Lagos Collage Original | N16: =SUMIFS('DAILY SALES LOG'!$G$2:$G$500,'DAILY SALES LOG'!$A$2:$A$500,">="&$A$4,'DAILY SALES LOG'!$A$2:$A$500,"<="&$B$4,'DAILY SALES LOG'!$C$2:$C$500,M16) | O16: 7
M17: Studio Study | N17: =SUMIFS('DAILY SALES LOG'!$G$2:$G$500,'DAILY SALES LOG'!$A$2:$A$500,">="&$A$4,'DAILY SALES LOG'!$A$2:$A$500,"<="&$B$4,'DAILY SALES LOG'!$C$2:$C$500,M17) | O17: 8
M18: Kente Wrap Dress | N18: =SUMIFS('DAILY SALES LOG'!$G$2:$G$500,'DAILY SALES LOG'!$A$2:$A$500,">="&$A$4,'DAILY SALES LOG'!$A$2:$A$500,"<="&$B$4,'DAILY SALES LOG'!$C$2:$C$500,M18) | O18: 9
M19: Linen Day Dress | N19: =SUMIFS('DAILY SALES LOG'!$G$2:$G$500,'DAILY SALES LOG'!$A$2:$A$500,">="&$A$4,'DAILY SALES LOG'!$A$2:$A$500,"<="&$B$4,'DAILY SALES LOG'!$C$2:$C$500,M19) | O19: 10
M20: Ankara Maxi | N20: =SUMIFS('DAILY SALES LOG'!$G$2:$G$500,'DAILY SALES LOG'!$A$2:$A$500,">="&$A$4,'DAILY SALES LOG'!$A$2:$A$500,"<="&$B$4,'DAILY SALES LOG'!$C$2:$C$500,M20) | O20: 11
M21: Hand-stitched Blouse | N21: =SUMIFS('DAILY SALES LOG'!$G$2:$G$500,'DAILY SALES LOG'!$A$2:$A$500,">="&$A$4,'DAILY SALES LOG'!$A$2:$A$500,"<="&$B$4,'DAILY SALES LOG'!$C$2:$C$500,M21) | O21: 12
... M39: Wedding Hamper | N39: =SUMIFS('DAILY SALES LOG'!$G$2:$G$500,'DAILY SALES LOG'!$A$2:$A$500,">="&$A$4,'DAILY SALES LOG'!$A$2:$A$500,"<="&$B$4,'DAILY SALES LOG'!$C$2:$C$500,M39) | O39: 30
A40: 1 | B40: =IFERROR(INDEX($M$10:$M$39,MATCH(LARGE($N$10:$N$39,1),$N$10:$N$39,0)),"") | C40: =IFERROR(LARGE($N$10:$N$39,1),0) | D40: =IFERROR(SUMIFS('DAILY SALES LOG'!$E$2:$E$500,'DAILY SALES LOG'!$A$2:$A$500,">="&$A$4,'DAILY SALES LOG'!$A$2:$A$500,"<="&$B$4,'DAILY SALES LOG'!$C$2:$C$500,B40),0)
A41: 2 | B41: =IFERROR(INDEX($M$10:$M$39,MATCH(LARGE($N$10:$N$39,2),$N$10:$N$39,0)),"") | C41: =IFERROR(LARGE($N$10:$N$39,2),0) | D41: =IFERROR(SUMIFS('DAILY SALES LOG'!$E$2:$E$500,'DAILY SALES LOG'!$A$2:$A$500,">="&$A$4,'DAILY SALES LOG'!$A$2:$A$500,"<="&$B$4,'DAILY SALES LOG'!$C$2:$C$500,B41),0)
A42: 3 | B42: =IFERROR(INDEX($M$10:$M$39,MATCH(LARGE($N$10:$N$39,3),$N$10:$N$39,0)),"") | C42: =IFERROR(LARGE($N$10:$N$39,3),0) | D42: =IFERROR(SUMIFS('DAILY SALES LOG'!$E$2:$E$500,'DAILY SALES LOG'!$A$2:$A$500,">="&$A$4,'DAILY SALES LOG'!$A$2:$A$500,"<="&$B$4,'DAILY SALES LOG'!$C$2:$C$500,B42),0)
A43: 4 | B43: =IFERROR(INDEX($M$10:$M$39,MATCH(LARGE($N$10:$N$39,4),$N$10:$N$39,0)),"") | C43: =IFERROR(LARGE($N$10:$N$39,4),0) | D43: =IFERROR(SUMIFS('DAILY SALES LOG'!$E$2:$E$500,'DAILY SALES LOG'!$A$2:$A$500,">="&$A$4,'DAILY SALES LOG'!$A$2:$A$500,"<="&$B$4,'DAILY SALES LOG'!$C$2:$C$500,B43),0)
A44: 5 | B44: =IFERROR(INDEX($M$10:$M$39,MATCH(LARGE($N$10:$N$39,5),$N$10:$N$39,0)),"") | C44: =IFERROR(LARGE($N$10:$N$39,5),0) | D44: =IFERROR(SUMIFS('DAILY SALES LOG'!$E$2:$E$500,'DAILY SALES LOG'!$A$2:$A$500,">="&$A$4,'DAILY SALES LOG'!$A$2:$A$500,"<="&$B$4,'DAILY SALES LOG'!$C$2:$C$500,B44),0)

Sheet MONTHLY P&L
A1: MONTHLY P&L — Twinnies Gallery (sample)
A2: Line | B2: June 2026 | C2: July 2026 | D2: MoM %
A3: REVENUE
A4: Gross Sales | B4: =SUMIFS('DAILY SALES LOG'!$G$2:$G$500,'DAILY SALES LOG'!$A$2:$A$500,">="&DATE(2026,6,1),'DAILY SALES LOG'!$A$2:$A$500,"<"&DATE(2026,6+1,1)) | C4: =SUMIFS('DAILY SALES LOG'!$G$2:$G$500,'DAILY SALES LOG'!$A$2:$A$500,">="&DATE(2026,7,1),'DAILY SALES LOG'!$A$2:$A$500,"<"&DATE(2026,7+1,1)) | D4: =IFERROR((C4-B4)/B4,0)
A5: Returns / Refunds | B5: 0 | C5: 0 | D5: =IFERROR((C5-B5)/B5,0) | F5: Manual — track any refunds here
A6: Net Revenue | B6: =B4-B5 | C6: =C4-C5 | D6: =IFERROR((C6-B6)/B6,0)
A7: COST OF GOODS SOLD (manual — edit GHS amounts)
A8: Gallery Art — COGS | B8: 12000 | C8: 12960 | D8: =IFERROR((C8-B8)/B8,0)
A9: Fashion — COGS | B9: 22000 | C9: 23760 | D9: =IFERROR((C9-B9)/B9,0)
A10: Gifts — COGS | B10: 9500 | C10: 10260 | D10: =IFERROR((C10-B10)/B10,0)
A11: Custom Orders — COGS | B11: 6500 | C11: 7020 | D11: =IFERROR((C11-B11)/B11,0)
A12: Total COGS | B12: =SUM(B8:B11) | C12: =SUM(C8:C11) | D12: =IFERROR((C12-B12)/B12,0)
A13: GROSS PROFIT | B13: =B6-B12 | C13: =C6-C12 | D13: =IFERROR((C13-B13)/B13,0)
A14: Gross Margin % | B14: =IFERROR(B13/B6,0) | C14: =IFERROR(C13/C6,0) | D14: =IFERROR((C14-B14)/B14,0)
A15: OPERATING EXPENSES (manual — edit GHS amounts)
A16: Rent | B16: 8000 | C16: 8400 | D16: =IFERROR((C16-B16)/B16,0)
A17: Staff Wages | B17: 15000 | C17: 15750 | D17: =IFERROR((C17-B17)/B17,0)
A18: Utilities | B18: 2200 | C18: 2310 | D18: =IFERROR((C18-B18)/B18,0)
A19: Transport | B19: 1800 | C19: 1890 | D19: =IFERROR((C19-B19)/B19,0)
A20: Marketing | B20: 1200 | C20: 1260 | D20: =IFERROR((C20-B20)/B20,0)
A21: Miscellaneous | B21: 900 | C21: 945 | D21: =IFERROR((C21-B21)/B21,0)
A22: Total Operating Expenses | B22: =SUM(B16:B21) | C22: =SUM(C16:C21) | D22: =IFERROR((C22-B22)/B22,0)
A23: NET PROFIT | B23: =B13-B22 | C23: =C13-C22 | D23: =IFERROR((C23-B23)/B23,0)
A24: Net Margin % | B24: =IFERROR(B23/B6,0) | C24: =IFERROR(C23/C6,0) | D24: =IFERROR((C24-B24)/B24,0)

Sheet CASH FLOW TRACKER
A1: CASH FLOW TRACKER — Twinnies Gallery (sample)
A2: MIN CASH BUFFER ALERT (₵): | B2: 5000 | N2: 5000 | O2: ← owner edits the orange B2 cell to set the alert threshold
A3: Date | B3: Opening Balance | C3: Cash Sales | D3: MoMo Received | E3: Other Income | F3: Supplier Payments | G3: Staff Wages | H3: Rent | I3: Utilities | J3: Personal Drawings | K3: Other Out | L3: Closing Balance
A4: 46174 | B4: 15000 | C4: =SUMIFS('DAILY SALES LOG'!$G$2:$G$500,'DAILY SALES LOG'!$A$2:$A$500,A4,'DAILY SALES LOG'!$H$2:$H$500,"Cash") | D4: =SUMIFS('DAILY SALES LOG'!$G$2:$G$500,'DAILY SALES LOG'!$A$2:$A$500,A4,'DAILY SALES LOG'!$H$2:$H$500,"Mobile Money") | E4: 0 | F4: 1200 | G4: 0 | H4: 8000 | I4: 0 | J4: 0 | K4: 0 | L4: =B4+C4+D4+E4-F4-G4-H4-I4-J4-K4
A5: 46175 | B5: =L4 | C5: =SUMIFS('DAILY SALES LOG'!$G$2:$G$500,'DAILY SALES LOG'!$A$2:$A$500,A5,'DAILY SALES LOG'!$H$2:$H$500,"Cash") | D5: =SUMIFS('DAILY SALES LOG'!$G$2:$G$500,'DAILY SALES LOG'!$A$2:$A$500,A5,'DAILY SALES LOG'!$H$2:$H$500,"Mobile Money") | E5: 0 | F5: 0 | G5: 0 | H5: 0 | I5: 0 | J5: 0 | K5: 0 | L5: =B5+C5+D5+E5-F5-G5-H5-I5-J5-K5
A6: 46176 | B6: =L5 | C6: =SUMIFS('DAILY SALES LOG'!$G$2:$G$500,'DAILY SALES LOG'!$A$2:$A$500,A6,'DAILY SALES LOG'!$H$2:$H$500,"Cash") | D6: =SUMIFS('DAILY SALES LOG'!$G$2:$G$500,'DAILY SALES LOG'!$A$2:$A$500,A6,'DAILY SALES LOG'!$H$2:$H$500,"Mobile Money") | E6: 0 | F6: 0 | G6: 0 | H6: 0 | I6: 0 | J6: 0 | K6: 0 | L6: =B6+C6+D6+E6-F6-G6-H6-I6-J6-K6
A7: 46177 | B7: =L6 | C7: =SUMIFS('DAILY SALES LOG'!$G$2:$G$500,'DAILY SALES LOG'!$A$2:$A$500,A7,'DAILY SALES LOG'!$H$2:$H$500,"Cash") | D7: =SUMIFS('DAILY SALES LOG'!$G$2:$G$500,'DAILY SALES LOG'!$A$2:$A$500,A7,'DAILY SALES LOG'!$H$2:$H$500,"Mobile Money") | E7: 0 | F7: 1200 | G7: 0 | H7: 0 | I7: 600 | J7: 0 | K7: 0 | L7: =B7+C7+D7+E7-F7-G7-H7-I7-J7-K7
A8: 46178 | B8: =L7 | C8: =SUMIFS('DAILY SALES LOG'!$G$2:$G$500,'DAILY SALES LOG'!$A$2:$A$500,A8,'DAILY SALES LOG'!$H$2:$H$500,"Cash") | D8: =SUMIFS('DAILY SALES LOG'!$G$2:$G$500,'DAILY SALES LOG'!$A$2:$A$500,A8,'DAILY SALES LOG'!$H$2:$H$500,"Mobile Money") | E8: 0 | F8: 0 | G8: 0 | H8: 0 | I8: 0 | J8: 0 | K8: 0 | L8: =B8+C8+D8+E8-F8-G8-H8-I8-J8-K8
A9: 46179 | B9: =L8 | C9: =SUMIFS('DAILY SALES LOG'!$G$2:$G$500,'DAILY SALES LOG'!$A$2:$A$500,A9,'DAILY SALES LOG'!$H$2:$H$500,"Cash") | D9: =SUMIFS('DAILY SALES LOG'!$G$2:$G$500,'DAILY SALES LOG'!$A$2:$A$500,A9,'DAILY SALES LOG'!$H$2:$H$500,"Mobile Money") | E9: 0 | F9: 0 | G9: 0 | H9: 0 | I9: 0 | J9: 800 | K9: 0 | L9: =B9+C9+D9+E9-F9-G9-H9-I9-J9-K9
A10: 46180 | B10: =L9 | C10: =SUMIFS('DAILY SALES LOG'!$G$2:$G$500,'DAILY SALES LOG'!$A$2:$A$500,A10,'DAILY SALES LOG'!$H$2:$H$500,"Cash") | D10: =SUMIFS('DAILY SALES LOG'!$G$2:$G$500,'DAILY SALES LOG'!$A$2:$A$500,A10,'DAILY SALES LOG'!$H$2:$H$500,"Mobile Money") | E10: 0 | F10: 1200 | G10: 5500 | H10: 0 | I10: 0 | J10: 0 | K10: 0 | L10: =B10+C10+D10+E10-F10-G10-H10-I10-J10-K10
A11: 46181 | B11: =L10 | C11: =SUMIFS('DAILY SALES LOG'!$G$2:$G$500,'DAILY SALES LOG'!$A$2:$A$500,A11,'DAILY SALES LOG'!$H$2:$H$500,"Cash") | D11: =SUMIFS('DAILY SALES LOG'!$G$2:$G$500,'DAILY SALES LOG'!$A$2:$A$500,A11,'DAILY SALES LOG'!$H$2:$H$500,"Mobile Money") | E11: 0 | F11: 0 | G11: 0 | H11: 0 | I11: 0 | J11: 0 | K11: 0 | L11: =B11+C11+D11+E11-F11-G11-H11-I11-J11-K11
A12: 46182 | B12: =L11 | C12: =SUMIFS('DAILY SALES LOG'!$G$2:$G$500,'DAILY SALES LOG'!$A$2:$A$500,A12,'DAILY SALES LOG'!$H$2:$H$500,"Cash") | D12: =SUMIFS('DAILY SALES LOG'!$G$2:$G$500,'DAILY SALES LOG'!$A$2:$A$500,A12,'DAILY SALES LOG'!$H$2:$H$500,"Mobile Money") | E12: 0 | F12: 0 | G12: 0 | H12: 0 | I12: 0 | J12: 0 | K12: 0 | L12: =B12+C12+D12+E12-F12-G12-H12-I12-J12-K12
A13: 46183 | B13: =L12 | C13: =SUMIFS('DAILY SALES LOG'!$G$2:$G$500,'DAILY SALES LOG'!$A$2:$A$500,A13,'DAILY SALES LOG'!$H$2:$H$500,"Cash") | D13: =SUMIFS('DAILY SALES LOG'!$G$2:$G$500,'DAILY SALES LOG'!$A$2:$A$500,A13,'DAILY SALES LOG'!$H$2:$H$500,"Mobile Money") | E13: 0 | F13: 1200 | G13: 0 | H13: 0 | I13: 0 | J13: 0 | K13: 0 | L13: =B13+C13+D13+E13-F13-G13-H13-I13-J13-K13
A14: 46184 | B14: =L13 | C14: =SUMIFS('DAILY SALES LOG'!$G$2:$G$500,'DAILY SALES LOG'!$A$2:$A$500,A14,'DAILY SALES LOG'!$H$2:$H$500,"Cash") | D14: =SUMIFS('DAILY SALES LOG'!$G$2:$G$500,'DAILY SALES LOG'!$A$2:$A$500,A14,'DAILY SALES LOG'!$H$2:$H$500,"Mobile Money") | E14: 0 | F14: 0 | G14: 0 | H14: 0 | I14: 600 | J14: 0 | K14: 0 | L14: =B14+C14+D14+E14-F14-G14-H14-I14-J14-K14
A15: 46185 | B15: =L14 | C15: =SUMIFS('DAILY SALES LOG'!$G$2:$G$500,'DAILY SALES LOG'!$A$2:$A$500,A15,'DAILY SALES LOG'!$H$2:$H$500,"Cash") | D15: =SUMIFS('DAILY SALES LOG'!$G$2:$G$500,'DAILY SALES LOG'!$A$2:$A$500,A15,'DAILY SALES LOG'!$H$2:$H$500,"Mobile Money") | E15: 0 | F15: 0 | G15: 0 | H15: 0 | I15: 0 | J15: 0 | K15: 0 | L15: =B15+C15+D15+E15-F15-G15-H15-I15-J15-K15
A16: 46186 | B16: =L15 | C16: =SUMIFS('DAILY SALES LOG'!$G$2:$G$500,'DAILY SALES LOG'!$A$2:$A$500,A16,'DAILY SALES LOG'!$H$2:$H$500,"Cash") | D16: =SUMIFS('DAILY SALES LOG'!$G$2:$G$500,'DAILY SALES LOG'!$A$2:$A$500,A16,'DAILY SALES LOG'!$H$2:$H$500,"Mobile Money") | E16: 0 | F16: 1200 | G16: 0 | H16: 0 | I16: 0 | J16: 800 | K16: 0 | L16: =B16+C16+D16+E16-F16-G16-H16-I16-J16-K16
... A31: 46201 | B31: =L30 | C31: =SUMIFS('DAILY SALES LOG'!$G$2:$G$500,'DAILY SALES LOG'!$A$2:$A$500,A31,'DAILY SALES LOG'!$H$2:$H$500,"Cash") | D31: =SUMIFS('DAILY SALES LOG'!$G$2:$G$500,'DAILY SALES LOG'!$A$2:$A$500,A31,'DAILY SALES LOG'!$H$2:$H$500,"Mobile Money") | E31: 0 | F31: 1200 | G31: 0 | H31: 8000 | I31: 0 | J31: 0 | K31: 0 | L31: =B31+C31+D31+E31-F31-G31-H31-I31-J31-K31

Sheet INVENTORY
A1: INVENTORY MANAGEMENT — Twinnies Gallery (sample)
A2: SKU | B2: Item Name | C2: Category | D2: Unit Cost | E2: Selling Price | F2: Margin % | G2: Opening Stock | H2: Units Received | I2: Units Sold | J2: Closing Stock | K2: Reorder Lvl | L2: Reorder Qty | M2: Stock Value | N2: Row Tag | P2: Rev (helper)
A3: GA-PRT-01 | B3: Accra Sunset Print | C3: Gallery Art | D3: 80 | E3: 250 | F3: =IFERROR((E3-D3)/D3,0) | G3: 18 | H3: 6 | I3: 11 | J3: =G3+H3-I3 | K3: 5 | L3: =IF(J3<=K3,K3*2-J3,0) | M3: =J3*D3 | N3: SAMPLE | P3: =I3*E3
A4: GA-PRT-02 | B4: Kente Harmony Print | C4: Gallery Art | D4: 95 | E4: 280 | F4: =IFERROR((E4-D4)/D4,0) | G4: 12 | H4: 4 | I4: 9 | J4: =G4+H4-I4 | K4: 5 | L4: =IF(J4<=K4,K4*2-J4,0) | M4: =J4*D4 | N4: SAMPLE | P4: =I4*E4
A5: GA-PRT-03 | B5: Labadi Beach Print | C5: Gallery Art | D5: 70 | E5: 220 | F5: =IFERROR((E5-D5)/D5,0) | G5: 20 | H5: 8 | I5: 14 | J5: =G5+H5-I5 | K5: 5 | L5: =IF(J5<=K5,K5*2-J5,0) | M5: =J5*D5 | N5: SAMPLE | P5: =I5*E5
A6: GA-PRT-04 | B6: Giclee Print | C6: Gallery Art | D6: 110 | E6: 340 | F6: =IFERROR((E6-D6)/D6,0) | G6: 10 | H6: 3 | I6: 6 | J6: =G6+H6-I6 | K6: 5 | L6: =IF(J6<=K6,K6*2-J6,0) | M6: =J6*D6 | N6: SAMPLE | P6: =I6*E6
A7: GA-PRT-05 | B7: Osu Castle Print | C7: Gallery Art | D7: 85 | E7: 260 | F7: =IFERROR((E7-D7)/D7,0) | G7: 14 | H7: 5 | I7: 8 | J7: =G7+H7-I7 | K7: 5 | L7: =IF(J7<=K7,K7*2-J7,0) | M7: =J7*D7 | N7: SAMPLE | P7: =I7*E7
A8: GA-ORG-01 | B8: Original Mixed Media | C8: Gallery Art | D8: 600 | E8: 2200 | F8: =IFERROR((E8-D8)/D8,0) | G8: 4 | H8: 1 | I8: 3 | J8: =G8+H8-I8 | K8: 5 | L8: =IF(J8<=K8,K8*2-J8,0) | M8: =J8*D8 | N8: SAMPLE | P8: =I8*E8
A9: GA-ORG-02 | B9: Lagos Collage Original | C9: Gallery Art | D9: 450 | E9: 1500 | F9: =IFERROR((E9-D9)/D9,0) | G9: 3 | H9: 0 | I9: 1 | J9: =G9+H9-I9 | K9: 5 | L9: =IF(J9<=K9,K9*2-J9,0) | M9: =J9*D9 | N9: SAMPLE | P9: =I9*E9
A10: GA-ORG-03 | B10: Studio Study | C10: Gallery Art | D10: 320 | E10: 950 | F10: =IFERROR((E10-D10)/D10,0) | G10: 6 | H10: 2 | I10: 4 | J10: =G10+H10-I10 | K10: 5 | L10: =IF(J10<=K10,K10*2-J10,0) | M10: =J10*D10 | N10: SAMPLE | P10: =I10*E10
A11: FA-DRS-01 | B11: Kente Wrap Dress | C11: Fashion | D11: 180 | E11: 480 | F11: =IFERROR((E11-D11)/D11,0) | G11: 22 | H11: 10 | I11: 17 | J11: =G11+H11-I11 | K11: 5 | L11: =IF(J11<=K11,K11*2-J11,0) | M11: =J11*D11 | N11: SAMPLE | P11: =I11*E11
A12: FA-DRS-02 | B12: Linen Day Dress | C12: Fashion | D12: 150 | E12: 420 | F12: =IFERROR((E12-D12)/D12,0) | G12: 16 | H12: 6 | I12: 9 | J12: =G12+H12-I12 | K12: 5 | L12: =IF(J12<=K12,K12*2-J12,0) | M12: =J12*D12 | N12: SAMPLE | P12: =I12*E12
A13: FA-DRS-03 | B13: Ankara Maxi | C13: Fashion | D13: 200 | E13: 540 | F13: =IFERROR((E13-D13)/D13,0) | G13: 14 | H13: 6 | I13: 11 | J13: =G13+H13-I13 | K13: 5 | L13: =IF(J13<=K13,K13*2-J13,0) | M13: =J13*D13 | N13: SAMPLE | P13: =I13*E13
A14: FA-TOP-01 | B14: Hand-stitched Blouse | C14: Fashion | D14: 90 | E14: 260 | F14: =IFERROR((E14-D14)/D14,0) | G14: 25 | H14: 8 | I14: 15 | J14: =G14+H14-I14 | K14: 5 | L14: =IF(J14<=K14,K14*2-J14,0) | M14: =J14*D14 | N14: SAMPLE | P14: =I14*E14
... A32: CO-WED-02 | B32: Wedding Hamper | C32: Custom Orders | D32: 280 | E32: 850 | F32: =IFERROR((E32-D32)/D32,0) | G32: 6 | H32: 3 | I32: 5 | J32: =G32+H32-I32 | K32: 5 | L32: =IF(J32<=K32,K32*2-J32,0) | M32: =J32*D32 | N32: SAMPLE | P32: =I32*E32

Sheet DASHBOARD
A1: DASHBOARD — Twinnies Gallery (sample)
A2: MTD REVENUE | C2: MTD NET PROFIT | E2: GROSS MARGIN % | G2: CASH ON HAND | I2: TOTAL INV VALUE
A3: =SUMIFS('DAILY SALES LOG'!$G$2:$G$500,'DAILY SALES LOG'!$A$2:$A$500,">="&(TODAY()-DAY(TODAY())+1)) | C3: ='MONTHLY P&L'!C23 | E3: ='MONTHLY P&L'!C14 | G3: =VLOOKUP(MAX('CASH FLOW TRACKER'!$A:$A),'CASH FLOW TRACKER'!$A:$L,12,FALSE) | I3: =SUMPRODUCT(INVENTORY!$J$3:$J$32,INVENTORY!$D$3:$D$32)
A6: TOP 20 PRODUCTS BY REVENUE
A7: Rank | B7: Item | C7: Revenue (₵) | D7: Closing Stock
A8: 1 | B8: =IFERROR(INDEX(INVENTORY!$B$3:$B$32,MATCH(LARGE(INVENTORY!$P$3:$P$32,1),INVENTORY!$P$3:$P$32,0)),"") | C8: =IFERROR(LARGE(INVENTORY!$P$3:$P$32,1),0) | D8: =IFERROR(INDEX(INVENTORY!$J$3:$J$32,MATCH(LARGE(INVENTORY!$P$3:$P$32,1),INVENTORY!$P$3:$P$32,0)),0)
A9: 2 | B9: =IFERROR(INDEX(INVENTORY!$B$3:$B$32,MATCH(LARGE(INVENTORY!$P$3:$P$32,2),INVENTORY!$P$3:$P$32,0)),"") | C9: =IFERROR(LARGE(INVENTORY!$P$3:$P$32,2),0) | D9: =IFERROR(INDEX(INVENTORY!$J$3:$J$32,MATCH(LARGE(INVENTORY!$P$3:$P$32,2),INVENTORY!$P$3:$P$32,0)),0)
A10: 3 | B10: =IFERROR(INDEX(INVENTORY!$B$3:$B$32,MATCH(LARGE(INVENTORY!$P$3:$P$32,3),INVENTORY!$P$3:$P$32,0)),"") | C10: =IFERROR(LARGE(INVENTORY!$P$3:$P$32,3),0) | D10: =IFERROR(INDEX(INVENTORY!$J$3:$J$32,MATCH(LARGE(INVENTORY!$P$3:$P$32,3),INVENTORY!$P$3:$P$32,0)),0)
A11: 4 | B11: =IFERROR(INDEX(INVENTORY!$B$3:$B$32,MATCH(LARGE(INVENTORY!$P$3:$P$32,4),INVENTORY!$P$3:$P$32,0)),"") | C11: =IFERROR(LARGE(INVENTORY!$P$3:$P$32,4),0) | D11: =IFERROR(INDEX(INVENTORY!$J$3:$J$32,MATCH(LARGE(INVENTORY!$P$3:$P$32,4),INVENTORY!$P$3:$P$32,0)),0)
A12: 5 | B12: =IFERROR(INDEX(INVENTORY!$B$3:$B$32,MATCH(LARGE(INVENTORY!$P$3:$P$32,5),INVENTORY!$P$3:$P$32,0)),"") | C12: =IFERROR(LARGE(INVENTORY!$P$3:$P$32,5),0) | D12: =IFERROR(INDEX(INVENTORY!$J$3:$J$32,MATCH(LARGE(INVENTORY!$P$3:$P$32,5),INVENTORY!$P$3:$P$32,0)),0)
A13: 6 | B13: =IFERROR(INDEX(INVENTORY!$B$3:$B$32,MATCH(LARGE(INVENTORY!$P$3:$P$32,6),INVENTORY!$P$3:$P$32,0)),"") | C13: =IFERROR(LARGE(INVENTORY!$P$3:$P$32,6),0) | D13: =IFERROR(INDEX(INVENTORY!$J$3:$J$32,MATCH(LARGE(INVENTORY!$P$3:$P$32,6),INVENTORY!$P$3:$P$32,0)),0)
A14: 7 | B14: =IFERROR(INDEX(INVENTORY!$B$3:$B$32,MATCH(LARGE(INVENTORY!$P$3:$P$32,7),INVENTORY!$P$3:$P$32,0)),"") | C14: =IFERROR(LARGE(INVENTORY!$P$3:$P$32,7),0) | D14: =IFERROR(INDEX(INVENTORY!$J$3:$J$32,MATCH(LARGE(INVENTORY!$P$3:$P$32,7),INVENTORY!$P$3:$P$32,0)),0)
A15: 8 | B15: =IFERROR(INDEX(INVENTORY!$B$3:$B$32,MATCH(LARGE(INVENTORY!$P$3:$P$32,8),INVENTORY!$P$3:$P$32,0)),"") | C15: =IFERROR(LARGE(INVENTORY!$P$3:$P$32,8),0) | D15: =IFERROR(INDEX(INVENTORY!$J$3:$J$32,MATCH(LARGE(INVENTORY!$P$3:$P$32,8),INVENTORY!$P$3:$P$32,0)),0)
A16: 9 | B16: =IFERROR(INDEX(INVENTORY!$B$3:$B$32,MATCH(LARGE(INVENTORY!$P$3:$P$32,9),INVENTORY!$P$3:$P$32,0)),"") | C16: =IFERROR(LARGE(INVENTORY!$P$3:$P$32,9),0) | D16: =IFERROR(INDEX(INVENTORY!$J$3:$J$32,MATCH(LARGE(INVENTORY!$P$3:$P$32,9),INVENTORY!$P$3:$P$32,0)),0)
A17: 10 | B17: =IFERROR(INDEX(INVENTORY!$B$3:$B$32,MATCH(LARGE(INVENTORY!$P$3:$P$32,10),INVENTORY!$P$3:$P$32,0)),"") | C17: =IFERROR(LARGE(INVENTORY!$P$3:$P$32,10),0) | D17: =IFERROR(INDEX(INVENTORY!$J$3:$J$32,MATCH(LARGE(INVENTORY!$P$3:$P$32,10),INVENTORY!$P$3:$P$32,0)),0)
A18: 11 | B18: =IFERROR(INDEX(INVENTORY!$B$3:$B$32,MATCH(LARGE(INVENTORY!$P$3:$P$32,11),INVENTORY!$P$3:$P$32,0)),"") | C18: =IFERROR(LARGE(INVENTORY!$P$3:$P$32,11),0) | D18: =IFERROR(INDEX(INVENTORY!$J$3:$J$32,MATCH(LARGE(INVENTORY!$P$3:$P$32,11),INVENTORY!$P$3:$P$32,0)),0)
A19: 12 | B19: =IFERROR(INDEX(INVENTORY!$B$3:$B$32,MATCH(LARGE(INVENTORY!$P$3:$P$32,12),INVENTORY!$P$3:$P$32,0)),"") | C19: =IFERROR(LARGE(INVENTORY!$P$3:$P$32,12),0) | D19: =IFERROR(INDEX(INVENTORY!$J$3:$J$32,MATCH(LARGE(INVENTORY!$P$3:$P$32,12),INVENTORY!$P$3:$P$32,0)),0)
A20: 13 | B20: =IFERROR(INDEX(INVENTORY!$B$3:$B$32,MATCH(LARGE(INVENTORY!$P$3:$P$32,13),INVENTORY!$P$3:$P$32,0)),"") | C20: =IFERROR(LARGE(INVENTORY!$P$3:$P$32,13),0) | D20: =IFERROR(INDEX(INVENTORY!$J$3:$J$32,MATCH(LARGE(INVENTORY!$P$3:$P$32,13),INVENTORY!$P$3:$P$32,0)),0)
A21: 14 | B21: =IFERROR(INDEX(INVENTORY!$B$3:$B$32,MATCH(LARGE(INVENTORY!$P$3:$P$32,14),INVENTORY!$P$3:$P$32,0)),"") | C21: =IFERROR(LARGE(INVENTORY!$P$3:$P$32,14),0) | D21: =IFERROR(INDEX(INVENTORY!$J$3:$J$32,MATCH(LARGE(INVENTORY!$P$3:$P$32,14),INVENTORY!$P$3:$P$32,0)),0)
A22: 15 | B22: =IFERROR(INDEX(INVENTORY!$B$3:$B$32,MATCH(LARGE(INVENTORY!$P$3:$P$32,15),INVENTORY!$P$3:$P$32,0)),"") | C22: =IFERROR(LARGE(INVENTORY!$P$3:$P$32,15),0) | D22: =IFERROR(INDEX(INVENTORY!$J$3:$J$32,MATCH(LARGE(INVENTORY!$P$3:$P$32,15),INVENTORY!$P$3:$P$32,0)),0)
A23: 16 | B23: =IFERROR(INDEX(INVENTORY!$B$3:$B$32,MATCH(LARGE(INVENTORY!$P$3:$P$32,16),INVENTORY!$P$3:$P$32,0)),"") | C23: =IFERROR(LARGE(INVENTORY!$P$3:$P$32,16),0) | D23: =IFERROR(INDEX(INVENTORY!$J$3:$J$32,MATCH(LARGE(INVENTORY!$P$3:$P$32,16),INVENTORY!$P$3:$P$32,0)),0)
A24: 17 | B24: =IFERROR(INDEX(INVENTORY!$B$3:$B$32,MATCH(LARGE(INVENTORY!$P$3:$P$32,17),INVENTORY!$P$3:$P$32,0)),"") | C24: =IFERROR(LARGE(INVENTORY!$P$3:$P$32,17),0) | D24: =IFERROR(INDEX(INVENTORY!$J$3:$J$32,MATCH(LARGE(INVENTORY!$P$3:$P$32,17),INVENTORY!$P$3:$P$32,0)),0)
A25: 18 | B25: =IFERROR(INDEX(INVENTORY!$B$3:$B$32,MATCH(LARGE(INVENTORY!$P$3:$P$32,18),INVENTORY!$P$3:$P$32,0)),"") | C25: =IFERROR(LARGE(INVENTORY!$P$3:$P$32,18),0) | D25: =IFERROR(INDEX(INVENTORY!$J$3:$J$32,MATCH(LARGE(INVENTORY!$P$3:$P$32,18),INVENTORY!$P$3:$P$32,0)),0)
A26: 19 | B26: =IFERROR(INDEX(INVENTORY!$B$3:$B$32,MATCH(LARGE(INVENTORY!$P$3:$P$32,19),INVENTORY!$P$3:$P$32,0)),"") | C26: =IFERROR(LARGE(INVENTORY!$P$3:$P$32,19),0) | D26: =IFERROR(INDEX(INVENTORY!$J$3:$J$32,MATCH(LARGE(INVENTORY!$P$3:$P$32,19),INVENTORY!$P$3:$P$32,0)),0)
A27: 20 | B27: =IFERROR(INDEX(INVENTORY!$B$3:$B$32,MATCH(LARGE(INVENTORY!$P$3:$P$32,20),INVENTORY!$P$3:$P$32,0)),"") | C27: =IFERROR(LARGE(INVENTORY!$P$3:$P$32,20),0) | D27: =IFERROR(INDEX(INVENTORY!$J$3:$J$32,MATCH(LARGE(INVENTORY!$P$3:$P$32,20),INVENTORY!$P$3:$P$32,0)),0)
A30: TOP 5 BEST SELLERS (by revenue)
A31: Item | B31: Units Sold | C31: Revenue (₵)
A32: =IFERROR(INDEX(INVENTORY!$B$3:$B$32,MATCH(LARGE(INVENTORY!$P$3:$P$32,1),INVENTORY!$P$3:$P$32,0)),"") | B32: =IFERROR(INDEX(INVENTORY!$I$3:$I$32,MATCH(LARGE(INVENTORY!$P$3:$P$32,1),INVENTORY!$P$3:$P$32,0)),0) | C32: =IFERROR(LARGE(INVENTORY!$P$3:$P$32,1),0)
A33: =IFERROR(INDEX(INVENTORY!$B$3:$B$32,MATCH(LARGE(INVENTORY!$P$3:$P$32,2),INVENTORY!$P$3:$P$32,0)),"") | B33: =IFERROR(INDEX(INVENTORY!$I$3:$I$32,MATCH(LARGE(INVENTORY!$P$3:$P$32,2),INVENTORY!$P$3:$P$32,0)),0) | C33: =IFERROR(LARGE(INVENTORY!$P$3:$P$32,2),0)
A34: =IFERROR(INDEX(INVENTORY!$B$3:$B$32,MATCH(LARGE(INVENTORY!$P$3:$P$32,3),INVENTORY!$P$3:$P$32,0)),"") | B34: =IFERROR(INDEX(INVENTORY!$I$3:$I$32,MATCH(LARGE(INVENTORY!$P$3:$P$32,3),INVENTORY!$P$3:$P$32,0)),0) | C34: =IFERROR(LARGE(INVENTORY!$P$3:$P$32,3),0)
A35: =IFERROR(INDEX(INVENTORY!$B$3:$B$32,MATCH(LARGE(INVENTORY!$P$3:$P$32,4),INVENTORY!$P$3:$P$32,0)),"") | B35: =IFERROR(INDEX(INVENTORY!$I$3:$I$32,MATCH(LARGE(INVENTORY!$P$3:$P$32,4),INVENTORY!$P$3:$P$32,0)),0) | C35: =IFERROR(LARGE(INVENTORY!$P$3:$P$32,4),0)
A36: =IFERROR(INDEX(INVENTORY!$B$3:$B$32,MATCH(LARGE(INVENTORY!$P$3:$P$32,5),INVENTORY!$P$3:$P$32,0)),"") | B36: =IFERROR(INDEX(INVENTORY!$I$3:$I$32,MATCH(LARGE(INVENTORY!$P$3:$P$32,5),INVENTORY!$P$3:$P$32,0)),0) | C36: =IFERROR(LARGE(INVENTORY!$P$3:$P$32,5),0)
A39: INVENTORY HEALTH — ITEMS AT/UNDER REORDER LEVEL
A40: Items below reorder: | B40: =COUNTIF(INVENTORY!$J$3:$J$32,"<="&INVENTORY!$K$3:$K$32)
A41: SKU | B41: Item | C41: Closing Stock | D41: Reorder Lvl
A42: =IFERROR(INDEX(INVENTORY!$A$3:$A$32,SMALL(IF(INVENTORY!$J$3:$J$32<=INVENTORY!$K$3:$K$32,ROW(INVENTORY!$J$3:$J$32)-2),1)),"") | B42: =IFERROR(INDEX(INVENTORY!$B$3:$B$32,SMALL(IF(INVENTORY!$J$3:$J$32<=INVENTORY!$K$3:$K$32,ROW(INVENTORY!$J$3:$J$32)-2),1)),"") | C42: =IFERROR(INDEX(INVENTORY!$J$3:$J$32,SMALL(IF(INVENTORY!$J$3:$J$32<=INVENTORY!$K$3:$K$32,ROW(INVENTORY!$J$3:$J$32)-2),1)),"") | D42: =IFERROR(INDEX(INVENTORY!$K$3:$K$32,SMALL(IF(INVENTORY!$J$3:$J$32<=INVENTORY!$K$3:$K$32,ROW(INVENTORY!$J$3:$J$32)-2),1)),"")
A43: =IFERROR(INDEX(INVENTORY!$A$3:$A$32,SMALL(IF(INVENTORY!$J$3:$J$32<=INVENTORY!$K$3:$K$32,ROW(INVENTORY!$J$3:$J$32)-2),2)),"") | B43: =IFERROR(INDEX(INVENTORY!$B$3:$B$32,SMALL(IF(INVENTORY!$J$3:$J$32<=INVENTORY!$K$3:$K$32,ROW(INVENTORY!$J$3:$J$32)-2),2)),"") | C43: =IFERROR(INDEX(INVENTORY!$J$3:$J$32,SMALL(IF(INVENTORY!$J$3:$J$32<=INVENTORY!$K$3:$K$32,ROW(INVENTORY!$J$3:$J$32)-2),2)),"") | D43: =IFERROR(INDEX(INVENTORY!$K$3:$K$32,SMALL(IF(INVENTORY!$J$3:$J$32<=INVENTORY!$K$3:$K$32,ROW(INVENTORY!$J$3:$J$32)-2),2)),"")
A44: =IFERROR(INDEX(INVENTORY!$A$3:$A$32,SMALL(IF(INVENTORY!$J$3:$J$32<=INVENTORY!$K$3:$K$32,ROW(INVENTORY!$J$3:$J$32)-2),3)),"") | B44: =IFERROR(INDEX(INVENTORY!$B$3:$B$32,SMALL(IF(INVENTORY!$J$3:$J$32<=INVENTORY!$K$3:$K$32,ROW(INVENTORY!$J$3:$J$32)-2),3)),"") | C44: =IFERROR(INDEX(INVENTORY!$J$3:$J$32,SMALL(IF(INVENTORY!$J$3:$J$32<=INVENTORY!$K$3:$K$32,ROW(INVENTORY!$J$3:$J$32)-2),3)),"") | D44: =IFERROR(INDEX(INVENTORY!$K$3:$K$32,SMALL(IF(INVENTORY!$J$3:$J$32<=INVENTORY!$K$3:$K$32,ROW(INVENTORY!$J$3:$J$32)-2),3)),"")
A45: =IFERROR(INDEX(INVENTORY!$A$3:$A$32,SMALL(IF(INVENTORY!$J$3:$J$32<=INVENTORY!$K$3:$K$32,ROW(INVENTORY!$J$3:$J$32)-2),4)),"") | B45: =IFERROR(INDEX(INVENTORY!$B$3:$B$32,SMALL(IF(INVENTORY!$J$3:$J$32<=INVENTORY!$K$3:$K$32,ROW(INVENTORY!$J$3:$J$32)-2),4)),"") | C45: =IFERROR(INDEX(INVENTORY!$J$3:$J$32,SMALL(IF(INVENTORY!$J$3:$J$32<=INVENTORY!$K$3:$K$32,ROW(INVENTORY!$J$3:$J$32)-2),4)),"") | D45: =IFERROR(INDEX(INVENTORY!$K$3:$K$32,SMALL(IF(INVENTORY!$J$3:$J$32<=INVENTORY!$K$3:$K$32,ROW(INVENTORY!$J$3:$J$32)-2),4)),"")
A46: =IFERROR(INDEX(INVENTORY!$A$3:$A$32,SMALL(IF(INVENTORY!$J$3:$J$32<=INVENTORY!$K$3:$K$32,ROW(INVENTORY!$J$3:$J$32)-2),5)),"") | B46: =IFERROR(INDEX(INVENTORY!$B$3:$B$32,SMALL(IF(INVENTORY!$J$3:$J$32<=INVENTORY!$K$3:$K$32,ROW(INVENTORY!$J$3:$J$32)-2),5)),"") | C46: =IFERROR(INDEX(INVENTORY!$J$3:$J$32,SMALL(IF(INVENTORY!$J$3:$J$32<=INVENTORY!$K$3:$K$32,ROW(INVENTORY!$J$3:$J$32)-2),5)),"") | D46: =IFERROR(INDEX(INVENTORY!$K$3:$K$32,SMALL(IF(INVENTORY!$J$3:$J$32<=INVENTORY!$K$3:$K$32,ROW(INVENTORY!$J$3:$J$32)-2),5)),"")
A49: CHART DATA — REVENUE TREND (last 4 weeks)
A50: Week Start | B50: Total Revenue (₵) | C50: Cash Rev
A51: =WEEKLY SUMMARY!A2 | B51: =WEEKLY SUMMARY!C2 | C51: =WEEKLY SUMMARY!J2
A52: =WEEKLY SUMMARY!A3 | B52: =WEEKLY SUMMARY!C3 | C52: =WEEKLY SUMMARY!J3
A53: =WEEKLY SUMMARY!A4 | B53: =WEEKLY SUMMARY!C4 | C53: =WEEKLY SUMMARY!J4
A54: =WEEKLY SUMMARY!A5 | B54: =WEEKLY SUMMARY!C5 | C54: =WEEKLY SUMMARY!J5
A56: CHART DATA — CATEGORY BREAKDOWN (June 2026)
A57: Category | B57: Revenue (₵)
A58: Gallery Art | B58: =SUMPRODUCT(('DAILY SALES LOG'!$A$2:$A$500>=DATE(2026,6,1))*('DAILY SALES LOG'!$A$2:$A$500<DATE(2026,7,1))*('DAILY SALES LOG'!$D$2:$D$500="Gallery Art")*('DAILY SALES LOG'!$G$2:$G$500))
A59: Fashion | B59: =SUMPRODUCT(('DAILY SALES LOG'!$A$2:$A$500>=DATE(2026,6,1))*('DAILY SALES LOG'!$A$2:$A$500<DATE(2026,7,1))*('DAILY SALES LOG'!$D$2:$D$500="Fashion")*('DAILY SALES LOG'!$G$2:$G$500))
A60: Gifts | B60: =SUMPRODUCT(('DAILY SALES LOG'!$A$2:$A$500>=DATE(2026,6,1))*('DAILY SALES LOG'!$A$2:$A$500<DATE(2026,7,1))*('DAILY SALES LOG'!$D$2:$D$500="Gifts")*('DAILY SALES LOG'!$G$2:$G$500))
A61: Custom Orders | B61: =SUMPRODUCT(('DAILY SALES LOG'!$A$2:$A$500>=DATE(2026,6,1))*('DAILY SALES LOG'!$A$2:$A$500<DATE(2026,7,1))*('DAILY SALES LOG'!$D$2:$D$500="Custom Orders")*('DAILY SALES LOG'!$G$2:$G$500))
A63: CHART DATA — CASH FLOW TREND (last 7 days)
A64: Date | B64: Closing Balance (₵)
A65: ='CASH FLOW TRACKER'!A25 | B65: ='CASH FLOW TRACKER'!L25
A66: ='CASH FLOW TRACKER'!A26 | B66: ='CASH FLOW TRACKER'!L26
A67: ='CASH FLOW TRACKER'!A27 | B67: ='CASH FLOW TRACKER'!L27
A68: ='CASH FLOW TRACKER'!A28 | B68: ='CASH FLOW TRACKER'!L28
A69: ='CASH FLOW TRACKER'!A29 | B69: ='CASH FLOW TRACKER'!L29
A70: ='CASH FLOW TRACKER'!A30 | B70: ='CASH FLOW TRACKER'!L30
A71: ='CASH FLOW TRACKER'!A31 | B71: ='CASH FLOW TRACKER'!L31

Sheet SETUP
A1: KUNATEH SME OPERATING WORKBOOK Powered by Kunateh Impact support@kunatehimpact.com
A8: WELCOME
A9: This workbook is a 7-tab business operating template built for Ghana-based small businesses. Each tab feeds data into the DASHBOARD. The sample data (Twinnies Gallery art / fashion) is shaded amber and tagged "SAMPLE" in the last column. To delete sample rows: filter the Row Tag column, hide every row tagged "SAMPLE", or select and delete them.
A11: 1. HOW TO LOG DAILY SALES (DAILY SALES LOG tab)
A12: Each row on DAILY SALES LOG is ONE product line sold that day. Add as many rows as you sold different products. 1. Enter the Date (DD/MM/YYYY is auto-formatted). 2. Type the Product name — must match an Item Name on the INVENTORY tab so the Unit Price auto-fills via VLOOKUP. Auto-resolves the Category column too. 3. Enter Qty Sold. The Total (₵) cell calculates as Qty × Unit Price automatically. 4. Pick a Payment Method (Cash / Mobile Money / Card / Transfer). 5. Add optional notes (e.g. "Wedding gift box x2"). New rows extend down — formula ranges go to row 500 so you don't need to update anything until you sell 500+ products a month.
A14: 2. HOW TO ADD PRODUCTS TO INVENTORY
A15: Add a new row with SKU, Item Name, Category, Unit Cost, Selling Price, Opening Stock, Units Received, and Units Sold. Closing Stock is auto-computed. Stock Value is auto-computed. If Closing Stock falls at or below Reorder Lvl, the cell turns RED. Edit the Reorder Qty column to receive a "reorder to 2× target" suggestion.
A17: 3. HOW TO READ THE DASHBOARD
A18: Five KPI tiles at the top show MTD Revenue, MTD Net Profit, Gross Margin %, Cash on Hand, and Total Inventory Value. The Top 20 Products list auto-ranks by revenue (Helper column P). The Top 5 Best Sellers shows your best revenue performers. Inventory Health shows items at or under their reorder level. The three CHART DATA blocks feed bar/line/pie charts you build with Insert → Chart in Google Sheets (or Excel). On WEEKLY SUMMARY there is also a "Top 5 Products by Revenue" block for the current week (helper columns M:N hold per-product weekly totals).
A20: PAYMENT METHODS (Ghana)
A21: Ghana — Cash, Mobile Money (MTN / Vodafone / AirtelTigo), Card (Visa / Mastercard), Bank Transfer. To change the available methods: edit the Payment Method column in DAILY SALES LOG (drop-down not required; just keep them consistent).
A23: FORMULA NOTES
... A32: Powered by Kunateh Impact — kunatehimpact.com — support@kunatehimpact.com
